Zazza, neutral female human Tourist ----- ----------- |...-# |.......^..# |...|#####..........|# |...|# |<........|### # #----- |...|# |.........|# # ---.------------ ##..... -----# -.-----|---# ###|..............| ##|...| # ##### ##### #................####|.f.+ # # ### |..............| #|@..| ### # |...............####----- ### ###### ---------------- #-.----|-- #|......`| #|...>...| #|.......| --------- Zazza the Rambler Experience level: 1 Strength: 12 Dexterity: 12 Constitution: 16 Intelligence: 14 Wisdom: 8 Charisma: 13 Health: 0(6) Energy: 2(2) Def: 0 Gold: 1059 Moves: 2385 Dungeon seed: M7KqR5x7_l0hu8Er Game ID: Zazza_1563910873 Your Inventory: Coins $ - 1059 gold pieces Amulets m - a cursed amulet of restful sleep Weapons a - 40 +2 darts (in quiver) n - 9 +0 elven arrows A - a burnt +0 elven dagger (weapon in hand) Armor e - an uncursed +0 Hawaiian shirt (being worn) Comestibles b - 2 uncursed food rations c - 2 uncursed tins of newt meat d - 2 uncursed tripe rations g - an uncursed egg h - an uncursed carrot u - 2 uncursed eggs x - an uncursed cream pie Scrolls j - 3 uncursed scrolls of magic mapping s - 2 uncursed scrolls of enchant armor N - an uncursed scroll of destroy armor Spellbooks Q - an uncursed spellbook of extra healing Potions i - an uncursed potion of extra healing o - an uncursed potion of see invisible t - a blessed potion of blindness O - an uncursed potion of hallucination Wands L - a cursed wand of striking (0:6) Tools k - an expensive camera (0:56) l - an uncursed credit card D - an uncursed leash I - a frost horn (0:6) Gems q - an uncursed worthless piece of yellow glass r - an uncursed jade stone y - 2 uncursed chrysoberyl stones Spells and supernatural/magical abilities: Name Level Category Fail Memory W - pray for help -- divine ? -- Your skills at the end: Fighting Skills Weapon Skills dart [Basic] Spellcasting Skills Final Attributes: You were stridently aligned. You are dead. Vanquished creatures: a shrieker an iguana an acid blob a hobbit a giant rat 3 geckos 5 jackals 5 foxes a kobold 2 grid bugs a lichen 4 newts 26 creatures vanquished. Voluntary challenges: You were an atheist. You used a wielded weapon 9 times, starting on turn 1585. You read items or engraved 1 time, starting on turn 1509. You never genocided any monsters. You never polymorphed an object. You never changed form. You used no wishes. You never split a pudding. You wrote Elbereth's name 1 time, starting on turn 1509. You never violated your personal moral code. Dungeon overview: The Dungeons of Doom: levels 1 to 5 Level 1 a sink a long staircase Level 2 a long staircase Level 3 (gold) a general store, a fountain Level 4 Level 5 <- You were here History has recorded: On T:1 you entered the Dungeons of Doom to retrieve the Amulet of Yendor! On T:405 you reached level 2 of The Dungeons of Doom. On T:817 you reached level 3 of The Dungeons of Doom. On T:882 you reached level 5 of The Dungeons of Doom. On T:1121 you reached level 4 of The Dungeons of Doom. Score breakdown: Gold: 489 ( 9151 points) Experience: 1 level ( 0 points) Exploration: 5 levels ( 10.20%) ( 8660 points) Discoveries: 0 items ( 0.00%) ( 0 points) Valuables value: (no points given unless you survive) Artifact value: 0 ( 0 points) Variety of kills: 12 monsters ( 3.15%) ( 5324 points) Turncount: 2385 turns ( -261 points) Survival: died (score multiplied by 80%) Total score: 18299 Latest messages: You displace Armand. With great effort you move the boulder. You displace Armand. The door resists! The door opens. You displace Armand. The door resists! The door opens. You miss it. The kobold just misses! You kill the kobold! You stop. Armand is in the way! You displace Armand. $ - 7 gold pieces. You stop. Armand is in the way! You see here a large box. You carefully open the large box... You trigger a trap! A tower of flame bursts from the large box! Your runed dagger smoulders! One of your scrolls of magic mapping catches fire and burns! One of your potions of extra healing boils and explodes! Your black potion boils and explodes! (You can name a black potion from the item naming menu.) You die... Final status: Aloha Zazza the Tourist, killed by a boiling potion... You died in The Dungeons of Doom on dungeon level 5 with 18299 points, and 1059 pieces of gold, after 2385 moves. You were level 1 with a maximum of 6 hit points when you died.